 Dungeon Crawl Stone Soup version 0.18.1-50-g88ac8fd (webtiles) character file.

58 magog001 the Covered (level 4, -1/40 HPs)
             Began as a Hill Orc Fighter on Nov 7, 2016.
             Slain by Robin
             ... wielding a +0 club
              (4 damage)
             ... on level 2 of the Dungeon.
             The game lasted 00:08:00 (1225 turns).

magog001 the Covered (Hill Orc Fighter)             Turns: 1225, Time: 00:08:02

Health: -1/40      AC:  7    Str: 24    XL:     4   Next: 1%
Magic:  4/4        EV:  7    Int:  6    God:
Gold:   106        SH:  9    Dex: 10    Spells: 0 memorised, 3 levels left

rFire  . . .     SeeInvis .     a - +0 long sword
rCold  . . .     Gourm    .     b - +0 scale mail
rNeg   . . .     Faith    +     c - +0 shield
rPois  .         Spirit   .     (no helmet)
rElec  .         Dismiss  .     (no cloak)
rCorr  .         Reflect  .     (no gloves)
SustAt .         Harm     .     (no boots)
MR     .....                    o - amulet of faith
Stlth  ..........               m - ring of wizardry
                                (no ring)

@: mighty, not resistant to hostile enchantments, extremely unstealthy
A: dopey 1, screaming 1, no device heal 1
a: no special abilities


You were on level 2 of the Dungeon.
You were not hungry.

You visited 1 branch of the dungeon, and saw 2 of its levels.

You collected 106 gold pieces.

Inventory:

Hand Weapons
 a - a +0 long sword (weapon)
 j - a cursed -3 dagger
Armour
 b - a +0 scale mail (worn)
 c - a +0 shield (worn)
Jewellery
 m - a ring of wizardry (right hand)
 o - an amulet of faith (around neck)
Comestibles
 f - a bread ration
 g - 4 chunks of flesh


   Skills:
 + Level 4.0 Fighting
 + Level 2.5 Long Blades
 + Level 4.0 Armour
 + Level 0.5 Dodging
 + Level 3.9 Shields


You had 3 spell levels left.
You didn't know any spells.

Dungeon Overview and Level Annotations

Branches:
Dungeon (2/15)

Altars:

Annotations:
D:2 Robin


Innate Abilities, Weirdness & Mutations

You are dopey. (Int -2)
You occasionally shout uncontrollably at your foes.
Potions and wands are less effective at restoring your health.


Message History

You closely miss the hobgoblin.
The hobgoblin is severely wounded.
You block the hobgoblin's attack. The hobgoblin hits you with a club.
* * * LOW HITPOINT WARNING * * *
The hobgoblin hits you but does no damage.
The hobgoblin hits you but does no damage.
You slash Robin!
Robin is severely wounded.
Robin roars a battlecry!
The goblins go into a battle-frenzy!
Robin hits you but does no damage. The hobgoblin barely misses you.
The bat hits you but does no damage. The hobgoblin closely misses you.
You closely miss Robin.
Robin is severely wounded.
The bat barely misses you. Robin hits you but does no damage.
The hobgoblin hits you with a club.
* * * LOW HITPOINT WARNING * * *
The hobgoblin hits you but does no damage.
Robin hits you with a club.
You die...

###########
#.........#
#.........#
#.....b...#####
#.....g........
#...ggg@..##.$
####.###g...$.#
#...#.#....#
#####.#g#g#.##..
.......>..#.# # #
...##.......#####.####
... ##......g........#
.. #...#####g###### .
###..##g##)#


You could see Robin, 3 hobgoblins, 2 goblins and a bat.

Vanquished Creatures
  A gnoll (D:1)
  A worm (D:1)
  A dart slug (D:1)
  2 giant geckos (D:1)
  7 goblins
  10 hobgoblins
  A quokka (D:2)
  A ball python (D:1)
  5 bats (D:1)
  3 giant newts
  2 kobolds (D:1)
  3 rats (D:1)
37 creatures vanquished.

Notes
Turn   | Place    | Note
--------------------------------------------------------------
     0 | D:1      | magog001 the Hill Orc Fighter began the quest for the Orb.
     0 | D:1      | Reached XP level 1. HP: 19/19 MP: 1/1
   236 | D:1      | Reached XP level 2. HP: 8/27 MP: 2/2
   682 | D:1      | Reached XP level 3. HP: 28/33 MP: 3/3
  1181 | D:2      | Noticed Robin
  1202 | D:2      | Reached XP level 4. HP: 4/40 MP: 4/4
  1204 | D:2      | Gained mutation: You occasionally shout uncontrollably at your foes. [potion of mutation]
  1204 | D:2      | Gained mutation: Potions and wands are less effective at restoring your health. [potion of mutation]
  1204 | D:2      | Gained mutation: You are dopey. (Int -2) [potion of mutation]
  1206 | D:2      | HP: 2/40 [poisoned by a goblin]
  1214 | D:2      | HP: 1/40 [poisoned by a goblin]
  1225 | D:2      | Slain by Robin

Skill      XL: |  1  2  3 |
---------------+----------+-----
Armour         | 4 |  4.0
Fighting       | 4 |  4.0
Long Blades    | |  2.5
Dodging        | |  0.5
Shields        | |  3.9

Action                   |  1- 3 |  4- 6 || total
-------------------------+-------+-------++-------
Melee: Long sword        |   154 |     6 ||   160
  Use: Scroll            |     5 |       ||     5
       Potion            |     1 |     2 ||     3
  Eat: Chunk             |     1 |       ||     1
Armor: Scale mail        |    92 |    10 ||   102
Dodge: Dodged            |    67 |     8 ||    75
Block: Shield            |   115 |     5 ||   120
